 Dungeon Crawl Stone Soup version 0.22.0-60-ga52c2fcf6e (webtiles) character file.

11349 Eralyen the Marksspriggan (level 11, -2/51 HPs)
             Began as a Spriggan Hunter on Sept 11, 2018.
             Was a Priest of Dithmenos.
             Killed by divine providence
             ... invoked by an orc priest
              (8 damage)
             ... on level 12 of the Dungeon.
             The game lasted 02:06:06 (15662 turns).

Eralyen the Marksspriggan (Spriggan Hunter)        Turns: 15662, Time: 02:06:07

Health: -2/51      AC:  8    Str:  8    XL:     11   Next: 48%
Magic:  0/22       EV: 23    Int: 18    God:    Dithmenos [***...]
Gold:   199        SH:  0    Dex: 20    Spells: 10/10 levels left

rFire    . . .     SeeInvis +   a - +3 shortbow
rCold    . . .     Gourm    .   (shield currently unavailable)
rNeg     . . .     Faith    .   q - +1 troll leather armour
rPois    +         Spirit   +   J - +3 hat of Pondering {ponderous, MR+ MP+10 Int+5}
rElec    +         Reflect  .   (no cloak)
rCorr    .         Harm     .   (gloves unavailable)
MR       ++...                  (boots unavailable)
Stlth    +++++++...             N - amulet of guardian spirit
HPRegen  0.57/turn              b - ring of stealth
MPRegen  0.18/turn              k - ring of poison resistance

@: wreathed by umbra, very quick
A: very small, unfitting armour, antennae 1, claws 1, see invisible, herbivore,
speed 3, screaming 1, electricity resistance, slow metabolism 2, wild magic 1
a: Shadow Step, Renounce Religion


You were on level 12 of the Dungeon.
You worshipped Dithmenos.
Dithmenos was most pleased with you.
You were not hungry.

You visited 2 branches of the dungeon, and saw 13 of its levels.

You collected 631 gold pieces.
You spent 432 gold pieces at shops.

Inventory:

Hand Weapons
 a - a +3 shortbow (weapon)
 r - a +0 hunting sling
 C - a +1 rapier of venom
 O - a +0 shortbow of freezing
Missiles
 d - 74 arrows (quivered)
 e - 313 stones
 h - 31 bolts
 l - 53 sling bullets
 m - 47 poisoned needles
 v - 4 javelins
 L - 4 curare-tipped needles
Armour
 c - a +0 robe
 q - a +1 troll leather armour (worn)
 J - the +3 hat of Pondering (worn) {ponderous, MR+ MP+10 Int+5}
   (You took it off Gastronok on level 9 of the Dungeon)

   It affects your intelligence (+5).
   It affects your resistance to hostile enchantments.
   It affects your magic capacity (+10).
 K - the +2 robe of Ylofip {Dex+5, unknown}
   (You found it on level 10 of the Dungeon)

   It affects your dexterity (+5).
 M - +0 ice dragon scales
Jewellery
 b - a ring of stealth (left claw)
 i - an uncursed amulet of rage
 k - a ring of poison resistance (right claw)
 s - an uncursed amulet of regeneration
 x - an uncursed ring of magical power
 z - an uncursed ring of positive energy
 G - an uncursed ring of fire
 N - an amulet of guardian spirit (around neck)
 Q - an uncursed amulet of harm {unknown}
Wands
 g - a wand of acid (21)
 u - a wand of flame (36)
Scrolls
 o - 5 scrolls of remove curse
 w - a scroll of enchant armour
 D - 2 scrolls of immolation
 H - a scroll of identify
Potions
 j - 3 potions of curing
 n - a potion of brilliance
 p - a potion of ambrosia
 t - 2 potions of flight
 A - 2 potions of haste
 B - a potion of might
 E - a potion of resistance
 F - a potion of lignification
 I - a potion of agility
Comestibles
 f - 19 rations


   Skills:
 - Level 2.6 Fighting
 + Level 7.4 Short Blades
 * Level 17.0 Bows
 - Level 1.8 Armour
 + Level 8.2 Dodging
 + Level 8.0 Stealth
 - Level 0.7 Evocations


You had 10 spell levels left.
You didn't know any spells.
Your spell library contained the following spells:

 Spells                   Type           Power        Failure   Level  Hunger
 Corona                   Hex            #......      38%         1    ##.....
 Sting                    Conj/Pois      #...         38%         1    ##.....
 Ensorcelled Hibernation  Hex/Ice        #.....       52%         2    ###....
 Poisonous Vapours        Pois/Air       #.....       52%         2    ###....
 Confuse                  Hex            #.......     75%         3    ####...
 Dazzling Spray           Conj/Hex       #.....       75%         3    ####...
 Mephitic Cloud           Conj/Pois/Air  #.......     75%         3    ####...
 Tukima's Dance           Hex            #.......     75%         3    ####...
 Olgreb's Toxic Radiance  Pois           #.......     98%         4    #####..
 Venom Bolt               Conj/Pois      #.........   100%        5    ######.


Dungeon Overview and Level Annotations

Branches:
Dungeon (12/15)            Temple (1/1) D:7            Lair (0/6) D:8
    Orc (0/2) D:12

Altars:
Ashenzari
Cheibriados
Dithmenos
Elyvilon
Fedhas
Hepliaklqana
Kikubaaqudgha
Nemelex Xobeh
Okawaru
Sif Muna
Uskayaw
Vehumet
Wu Jian
Yredelemnul
Zin
Beogh

Shops:
D:9 =   D:11 *

Annotations:
D:3 Natasha
D:6 Eustachio


Innate Abilities, Weirdness & Mutations

You are very small and have problems with some larger weapons.
You are too small for most types of armour.
You have supernaturally acute eyesight. (SInv)
You are a herbivore.
You cover ground extremely quickly.
You need to consume almost no food.
You have a pair of small antennae on your head.
You have sharp fingernails.
You occasionally shout uncontrollably at your foes.
You are resistant to electric shocks. (rElec)
Your spells are a little harder to cast, but a little more powerful.


Message History

You shoot an arrow. The arrow misses the orc wizard.
The orc priest shouts!
The orc wizard casts a spell at you. The magic dart hits you!
* * * LOW HITPOINT WARNING * * *
Firing (i - inventory. (/) - cycle)
d - 75 arrows (quivered)
Press: ? - help, Shift-Dir - straight line, f/p - orc wizard
Aim: an orc wizard, wielding a dagger and wearing a robe (fast, umbra)
You shoot an arrow.
The arrow closely misses the orc wizard.
The arrow hits the very large slime creature!
The very large slime creature is lightly wounded.
The orc warrior closely misses you.
The orc wizard points at you and mumbles some strange words.
The magic dart hits you!
* * * LOW HITPOINT WARNING * * *
You see here 2 arrows.
The orc priest mumbles some strange prayers to Beogh against you.
Beogh smites you!
You die...

##....#(.....#######...*,*
#.......)†..(#,,...#,,*,,,
##.##.##.((..#.....#****,,
######..((J.#.._..#***..,
##....(#.#.....#.##...
####.....(oo#,....*......
##........#o.###'###......
#............#8.((8#.....?
##.......@.>o.............
##..............>.........
##............)............
#...........<..#..........#
##.........#...............
#........#.......#........
##...##..........o.........
#.........§.......#........
#.....#.§§§§§..o..z........


You could see a very large slime creature, an orc warrior, an orc priest, 2 orc
wizards and an orc (wandering).

Vanquished Creatures
  Gastronok (D:9)
  A two-headed ogre (D:11)
  An unseen horror (D:12)
  A gargoyle (D:10)
  2 trolls
  2 hornets (D:11)
  2 hippogriffs
  3 yaks (D:11)
  A wyvern (D:10)
  Menkaure (D:6)
  A hungry ghost (D:11)
  A steam dragon (D:10)
  4 vampire mosquitoes (D:9)
  A soldier ant (D:11)
  A water moccasin (D:11)
  6 porcupines (D:8)
  3 sky beasts
  An ice beast (D:6)
  2 phantoms
  5 orc warriors
  4 ogres
  3 necrophages (D:10)
  5 centaurs
  3 big kobolds
  4 bullfrogs
  3 jellies
  6 scorpions
  10 wights
  6 killer bees (D:9)
  4 howler monkeys
  3 crimson imps
  A bullfrog zombie (D:10)
  4 hounds
  A gnoll shaman (D:7)
  4 orc priests
  2 centaur skeletons
  Terence (D:3)
  Natasha (twice) (D:3)
  3 iguanas
  6 orc wizards
  10 worker ants
  3 hound zombies
  2 mummies
  Robin (D:3)
  8 adders
  8 gnolls
  2 shadow imps
  2 oozes
  An adder zombie (D:8)
  A worm (D:2)
  A dart slug (D:2)
  6 leopard geckos
  24 orcs
  4 ball pythons
  5 giant cockroaches
  13 goblins
  6 hobgoblins
  4 quokkas
  7 bats
  5 frilled lizards
  2 jackal skeletons
  20 kobolds
  A kobold zombie (D:5)
  A leopard gecko skeleton (D:6)
  3 orc zombies (D:5)
  7 rats
  A bush (D:3)
263 creatures vanquished.

Vanquished Creatures (others)
  16 fungi (D:8)
16 creatures vanquished.

Grand Total: 279 creatures vanquished

Notes
Turn   | Place    | Note
-------+----------+-------------------------------------------
     0 | D:1      | Eralyen the Spriggan Hunter began the quest for the Orb.
     0 | D:1      | Reached XP level 1. HP: 10/10 MP: 2/2
   109 | D:1      | Reached skill level 5 in Bows
   303 | D:1      | Reached XP level 2. HP: 14/14 MP: 3/3
   791 | D:1      | Reached XP level 3. HP: 18/18 MP: 4/4
  1473 | D:2      | Reached skill level 6 in Bows
  1651 | D:2      | Reached XP level 4. HP: 23/23 MP: 5/5
  2038 | D:3      | Noticed an angel
  2040 | D:3      | Found a glowing silver altar of Zin.
  2244 | D:3      | Found a faded altar of an unknown god.
  2250 | D:3      | Noticed Robin
  2291 | D:3      | Killed Robin
  2358 | D:3      | Noticed Terence
  2383 | D:3      | Killed Terence
  2480 | D:3      | Found an iron altar of Okawaru.
  2524 | D:3      | Reached skill level 7 in Bows
  2524 | D:3      | Reached XP level 5. HP: 26/26 MP: 6/6
  2560 | D:3      | Noticed Natasha
  2578 | D:3      | Killed Natasha
  2704 | D:3      | Found an ornate altar of the Wu Jian Council.
  3113 | D:3      | Noticed Natasha
  3127 | D:3      | Killed Natasha
  3422 | D:3      | Gained mutation: You have sharp fingernails. [potion of
                  | mutation]
  3422 | D:3      | Gained mutation: Your spells are a little harder to cast,
                  | but a little more powerful. [potion of mutation]
  3641 | D:3      | Noticed Natasha
  3674 | D:4      | Lost mutation: Your spells are a little harder to cast, but
                  | a little more powerful. [potion of mutation]
  3674 | D:4      | Gained mutation: You have sharp toenails. [potion of
                  | mutation]
  3674 | D:4      | Gained mutation: You are weak. (Str -2) [potion of
                  | mutation]
  3674 | D:4      | Gained mutation: You have a pair of small antennae on your
                  | head. [potion of mutation]
  3674 | D:4      | Gained mutation: You are resistant to electric shocks.
                  | (rElec) [potion of mutation]
  3707 | D:4      | Found a snail-covered altar of Cheibriados.
  3707 | D:4      | Noticed an ogre
  3722 | D:4      | Killed an ogre
  3722 | D:4      | Reached skill level 8 in Bows
  3722 | D:4      | Reached XP level 6. HP: 32/32 MP: 7/7
  4421 | D:5      | Entered Level 5 of the Dungeon
  4647 | D:5      | Reached skill level 9 in Bows
  4707 | D:5      | Reached XP level 7. HP: 16/35 MP: 8/8
  6103 | D:5      | Found a sparkling altar of Nemelex Xobeh.
  6259 | D:6      | Reached skill level 10 in Bows
  6752 | D:6      | Noticed Menkaure
  7126 | D:6      | Killed Menkaure
  7126 | D:6      | Reached skill level 11 in Bows
  7126 | D:6      | Reached XP level 8. HP: 28/39 MP: 9/9
  7468 | D:6      | Noticed Eustachio
  7849 | D:6      | Reached skill level 12 in Bows
  8142 | D:7      | Noticed a troll
  8597 | D:7      | Killed a troll
  8597 | D:7      | Reached skill level 13 in Bows
  8745 | D:7      | Found a staircase to the Ecumenical Temple.
  8905 | D:7      | Reached XP level 9. HP: 40/43 MP: 10/10
  8991 | D:7      | Lost mutation: You are weak. (Str -2) [potion of mutation]
  8991 | D:7      | Lost mutation: You have sharp toenails. [potion of
                  | mutation]
  8991 | D:7      | Gained mutation: You occasionally shout uncontrollably at
                  | your foes. [potion of mutation]
  8991 | D:7      | Gained mutation: Your spells are a little harder to cast,
                  | but a little more powerful. [potion of mutation]
  9058 | Temple   | Entered the Ecumenical Temple
  9079 | Temple   | Became a worshipper of Dithmenos the Shadowed
  9107 | D:7      | Found a blossoming altar of Fedhas.
  9456 | D:8      | Found a staircase to the Lair.
  9958 | D:8      | Reached skill level 14 in Bows
  9981 | D:8      | Reached skill level 5 in Stealth
 10136 | D:8      | Reached skill level 1 in Short Blades
 10178 | D:8      | Found a white marble altar of Elyvilon.
 10540 | D:8      | Reached skill level 15 in Bows
 10716 | D:9      | Found an ancient bone altar of Kikubaaqudgha.
 10751 | D:9      | Noticed a troll
 10758 | D:9      | HP: 1/43 [troll (9)]
 11250 | D:9      | Reached * piety under Dithmenos
 11357 | D:9      | Killed a troll
 11357 | D:9      | Reached XP level 10. HP: 47/47 MP: 11/11
 11607 | D:9      | Found Muimaudu's Jewellery Boutique.
 11866 | D:9      | Noticed Gastronok
 11956 | D:9      | Killed Gastronok
 11956 | D:9      | Reached skill level 16 in Bows
 11956 | D:9      | Reached skill level 1 in Armour
 11956 | D:9      | Reached skill level 5 in Dodging
 12123 | D:9      | Reached skill level 5 in Short Blades
 13095 | D:10     | Entered Level 10 of the Dungeon
 13105 | D:10     | Got a twisted robe
 13287 | D:10     | Reached ** piety under Dithmenos
 13303 | D:10     | Noticed a gargoyle
 13308 | D:10     | Killed a gargoyle
 13579 | D:10     | Noticed a two-headed ogre
 13583 | D:10     | Reached XP level 11. HP: 43/51 MP: 12/12
 14230 | D:11     | Found Buodez's Assorted Antiques.
 14236 | D:11     | Bought a scroll labeled OLANLA WAUFASO for 36 gold pieces
 14236 | D:11     | Bought a blackened brass amulet for 180 gold pieces
 14236 | D:11     | Bought a runed shortbow for 216 gold pieces
 14412 | D:11     | Noticed a two-headed ogre
 14454 | D:11     | Killed a two-headed ogre
 15030 | D:11     | Reached *** piety under Dithmenos
 15266 | D:12     | Found a staircase to the Orcish Mines.
 15276 | D:12     | Noticed an unseen horror
 15477 | D:12     | Found a roughly hewn altar of Beogh.
 15607 | D:12     | Killed an unseen horror
 15607 | D:12     | Reached skill level 17 in Bows
 15609 | D:12     | HP: 2/51 [large slime creature (27)]
 15662 | D:12     | Killed from afar by an orc priest

Skill      XL: |  1  2  3  4  5  6  7  8  9 10 11 |
---------------+----------------------------------+-----
Bows           | 5 6 7 8 9 11 13 15 16 17 | 17.0
Stealth        | 2 3 4 6 7 8 |  8.0
Fighting       | 2 |  2.6
Short Blades   | 3 5 7 |  7.4
Dodging        | 4 7 8 |  8.2
Armour         | 1 |  1.8
Evocations     | |  0.7

Action                   |  1- 3 |  4- 6 |  7- 9 | 10-12 || total
-------------------------+-------+-------+-------+-------++-------
Melee: Short sword       |    19 |   295 |    24 |       ||   338
       Kick              |       |     2 |    12 |       ||    14
       Rapier            |       |       |    92 |   461 ||   553
 Fire: Shortbow          |    67 |   216 |   413 |   386 ||  1082
 Abil: Evoke Berserk Rag |       |     1 |     1 |       ||     2
  Use: Potion            |       |     6 |     7 |     1 ||    14
       Scroll            |       |     7 |    15 |    10 ||    32
 Stab: Sleeping          |     1 |     1 |     9 |     9 ||    20
       Distracted        |     1 |       |       |     1 ||     2
  Eat: Ration            |       |     1 |     3 |     4 ||     8
Armor: Robe              |     3 |     6 |     9 |       ||    18
       Troll leather arm |       |       |       |    58 ||    58
Dodge: Dodged            |    22 |    40 |   197 |   702 ||   961
